 Dungeon Crawl Stone Soup version 0.31.0-9-g3a7656b989 (webtiles) character file.

Game seed: 11267579952480754574

440 Sweeb the Insei (level 7, 0/45 HPs)
             Began as an Octopode Shapeshifter on Jan 24, 2024.
             Was a Follower of Makhleb.
             Slain by an ogre
             ... wielding a +0 giant spiked club
              (22 damage)
             ... on level 5 of the Dungeon.
             The game lasted 00:07:03 (3613 turns).

Sweeb the Insei (Octopode Shapeshifter)             Turns: 3613, Time: 00:07:03

Health: 0/45       AC:  1    Str: 13    XL:     7   Next: 2%
Magic:  0/7        EV: 14    Int: 12    God:    Makhleb [*.....]
Gold:   203        SH:  0    Dex: 14    Spells: 6/6 levels left

rFire   . .          .
                       - Unarmed
rCold   . . .        (no shield)
rNeg    . . .        (helmet currently unavailable)
rPois   +            j - amulet of guardian spirit
rElec   .            o - ring of poison resistance
rCorr   .            (no ring)
SInv    .            (no ring)
Will    .....        (no ring)
Stlth   +++          (no ring)
HPRegen 0.27/turn    (no ring)
MPRegen 0.10/turn    (no ring)
                     (no ring)

%: guardian spirit
@: beast-form
A: beast (slay +2), almost no armour, amphibious, 8 rings, camouflage 1,
gelatinous body 1, (nimble swimmer 1), tentacles
a: Begin Untransformation, Renounce Religion


You were on level 5 of the Dungeon.
You worshipped Makhleb.
Makhleb was aware of your devotion.
You were a hulking beast.
You visited 1 branch of the dungeon, and saw 5 of its levels.

You collected 203 gold pieces.

Inventory:

Jewellery
 e - an amulet of magic regeneration
 j - an amulet of guardian spirit (around mantle)
 o - a ring of poison resistance (left tentacle)
Talismans
 b - a beast talisman
 c - a flux talisman
Wands
 h - a wand of flame (6)
 m - a wand of iceblast (2)
Scrolls
 f - a scroll of fog
 g - 2 scrolls of blinking
 n - a scroll of fear
Potions
 a - a potion of lignification
 d - 2 potions of berserk rage
 i - a potion of enlightenment
 k - 3 potions of magic
 l - a potion of cancellation


   Skills:
 + Level 2.6 Fighting
 + Level 3.3 Dodging
 + Level 3.1 Stealth
 * Level 4.8 Unarmed Combat
 * Level 4.4 Shapeshifting


You had 6 spell levels left.
You didn't know any spells.
Your spell library contained the following spells:

 Spells                   Type           Power      Damage    Failure   Level
 Apportation              Tloc           0%         N/A       32%         1
 Magic Dart               Conj           0%         1d3       32%         1
 Shock                    Conj/Air       0%         1d3       32%         1
 Blink                    Tloc           0%         N/A       45%         2
 Call Imp                 Summ           0%         N/A       45%         2
 Ensorcelled Hibernation  Hex/Ice        0%         N/A       45%         2
 Jinxbite                 Hex            0%         N/A       45%         2
 Sublimation of Blood     Necr           0%         N/A       45%         2
 Passwall                 Erth           0%         N/A       69%         3
 Swiftness                Air            0%         N/A       69%         3
 Airstrike                Air            0%         2d(0-16)  97%         4
 Alistair's Intoxication  Alch           0%         N/A       100%        5
 Summon Hydra             Summ           0%         N/A       100%        7


Dungeon Overview and Level Annotations

Branches:
Dungeon (5/15)             Temple (0/1) D:4

Altars:
Makhleb
Okawaru
Zin

Shops:
D:5 (


Innate Abilities, Weirdness & Mutations

You are a hulking beast.
Your limbs bulge with bestial killing power. (Slay +2)
You cannot wear most types of armour.
You are amphibious.
You can wear up to eight rings at the same time.
Your skin changes colour to match your surroundings (Stealth+).
Your rubbery body absorbs attacks. (AC +1, EV +1)
((You are camouflaged when in or above water. (Stealth+)))
You have tentacles for arms and can constrict up to eight enemies at once.


Message History

The gnoll attacks as it pursues you! The gnoll hits you with a +0 flail!
The gnoll attacks as it pursues you! The gnoll hits you with a +0 flail.
The gnoll attacks as it pursues you! The gnoll barely misses you.
The gnoll attacks as it pursues you! The gnoll hits you with a +0 flail.
The gnoll attacks as it pursues you! The gnoll closely misses you.
There is a stone staircase leading up here.
The gnoll hits you with a +0 flail.
You climb upwards.
There is a stone staircase leading down, spattered with blood here.
You tentacle-slap the gnoll. You grab the gnoll. You squeeze the gnoll!
The gnoll is almost dead.
You constrict the gnoll.
You kill the gnoll!
Makhleb accepts your kill.
You can now gain health from killing.
You have reached level 7!
o - a ring of poison resistance (left tentacle) Unknown command.
Unknown command.
You start resting.
Magic restored.
HP restored.
There is a stone staircase leading down here.
You climb downwards.
Found a scroll of blinking.
There is a stone staircase leading up here.
Found 3 boomerangs.
g - 2 scrolls of blinking (gained 1)
An ogre comes into view. It is wielding a +0 giant spiked club.
Found 4 stones and a scroll of identify.
The ogre shouts!
You tentacle-slap the ogre. You squeeze the ogre.
The ogre is lightly wounded.
The ogre hits you with a +0 giant spiked club!!
Ouch! That really hurt!
You bludgeon the ogre!
The ogre is heavily wounded.
You barely miss the ogre. You squeeze the ogre.
The ogre is heavily wounded.
The ogre hits you with a +0 giant spiked club!!
You die...

.......## .....?.
........## (......
.........### .......
.......#...#####
.....
.......###.....##...
.......# #####..#.#
######## ##...#
##...##.# #...h...#
#..##O.....# #..#
#......# ...#
#......# .##
#......# ########


You could see an ogre.

Vanquished Creatures
  An ogre (D:4)
  A scorpion (D:4)
  A quasit (D:4)
  A hound (D:4)
  An iguana (D:4)
  4 gnolls
  5 adders
  A shadow imp (D:4)
  A white imp (D:5)
  An ufetubus (D:4)
  3 dart slugs
  3 ribbon worms (D:2)
  5 endoplasms
  7 giant cockroaches
  8 goblins
  10 hobgoblins
  8 jackals
  6 quokkas
  7 ball pythons
  3 bats
  4 frilled lizards
  7 kobolds
  8 rats
  A butterfly (D:4)
97 creatures vanquished.

Vanquished Creatures (others)
  A gnoll (D:3)
1 creature vanquished.

Grand Total: 98 creatures vanquished

Notes
Turn   | Place    | Note
-------+----------+-------------------------------------------
     0 | D:1      | Sweeb the Octopode Shapeshifter began the quest for the
                  | Orb.
     0 | D:1      | Reached XP level 1. HP: 13/13 MP: 1/1
   132 | D:1      | Reached XP level 2. HP: 18/18 MP: 2/2
   448 | D:1      | Reached skill level 1 in Stealth
   622 | D:2      | Reached XP level 3. HP: 23/23 MP: 3/3
  1164 | D:2      | Reached XP level 4. HP: 25/28 MP: 4/4
  1859 | D:3      | Found an iron altar of Okawaru.
  1864 | D:3      | Reached XP level 5. HP: 34/34 MP: 5/5
  1897 | D:3      | Found a burning altar of Makhleb.
  1900 | D:3      | Found a glowing silver altar of Zin.
  1900 | D:3      | Noticed an angel
  1900 | D:3      | Noticed a green death
  2513 | D:3      | Became a worshipper of Makhleb the Destroyer
  2682 | D:4      | Noticed an ogre
  2690 | D:4      | Killed an ogre
  2691 | D:4      | Reached XP level 6. HP: 33/39 MP: 6/6
  3154 | D:4      | Found a staircase to the Ecumenical Temple.
  3199 | D:4      | Reached * piety under Makhleb
  3394 | D:5      | Entered Level 5 of the Dungeon
  3394 | D:5      | Found Plog's Antique Weapon Shop.
  3514 | D:4      | Reached XP level 7. HP: 27/45 MP: 3/7
  3613 | D:5      | Slain by an ogre

Illustrated notes

Levels and vault maps discovered:
D:1:      minmay_arrival_radiant_lines, layout_loops_ring
D:2:      layout_basic, dreamdust_mushroom_princess, grunt_ministairs_6
D:3:      layout_basic, grunt_temple_overflow_order_and_chaos_2,
          okawaru_metal_pillars_1_2, hex_intersection, chequers_decorated_corner
D:4:      layout_rooms, minmay_temple_entry_butterflies, serial_demonic,
          serial_demonic_b, serial_demonic_e, serial_demonic_a, serial_demonic_g
D:5:      layout_rooms, nicolae_stop_n_shop_2

Skill      XL: |  1  2  3  4  5  6 |
---------------+-------------------+-----
Stealth        | 1 2 3 |  3.1
Unarmed Combat | 4 |  4.8
Fighting       | 2 |  2.6
Dodging        | 3 |  3.3
Shapeshifting  | 4 |  4.4

Action                     |  1- 3 |  4- 6 |  7- 9 || total
---------------------------+-------+-------+-------++-------
  Melee: Unarmed           |    55 |   127 |     3 ||   185
         Constrict         |    19 |    33 |       ||    52
         Tentacles         |    14 |    29 |     2 ||    45
         Punch             |     1 |     1 |       ||     2
    Use: Scroll            |     3 |    10 |       ||    13
         Potion            |       |     3 |       ||     3
   Stab: Sleeping          |     8 |     2 |       ||    10
         Invisible         |       |     2 |       ||     2
         Distracted        |       |     1 |       ||     1
 Armour: Skin              |    16 |    59 |     2 ||    77
  Dodge: Dodged            |    31 |    79 |       ||   110
